 Dungeon Crawl Stone Soup version 0.23.2-1-ga50397a6bc (webtiles) character file.

Game seed: 17390144780650370293

754986 Amplified the Slayer (level 27, -1/232 HPs)
             Began as a Demonspawn Monk on Apr 21, 2019.
             Was the Champion of Okawaru.
             Killed from afar by an ancient lich (16 damage)
             ... with a bolt of cold
             ... on level 5 of the Realm of Zot.
             The game lasted 02:42:02 (69103 turns).

Amplified the Slayer (Demonspawn Monk)             Turns: 69103, Time: 02:42:03

Health: -1/232     AC: 23    Str: 27    XL:     27
Magic:  39/41      EV: 30    Int: 19    God:    Okawaru [******]
Gold:   3255       SH: 21    Dex: 28    Spells: 18/55 levels left

rFire    + + +     SeeInvis +   E - +9 demon whip (flame)
rCold    + + +     Gourm    .   a - +2 shield of Philately {rF- Str+4 Slay+6 Stlth+}
rNeg     + . .     Faith    .   B - +5 scale mail "Egoqeih" {rC++}
rPois    +         Spirit   .   X - +0 mask of the Dragon {MR+ Slay+3 SInv}
rElec    +         Reflect  +   f - scarf {rC+ rF+}
rCorr    +         Harm     .   i - +2 pair of gloves {Str+3}
MR       +++++                  (boots unavailable)
Stlth    ++........             h - amulet "Xarhaiq" {Reflect rF+ MR+ SH+3}
HPRegen  0.48/turn              N - ring "Ivumiapp" {+Blink rF+ MR+ Stlth-}
MPRegen  0.27/turn              P - ring of the Mage {Wiz MR++ Int+3}

@: mighty, agile, resistant, marked, studying 2 skills
A: claws 1, hooves 3, thin metallic scales 3, blurry vision 1, clever 1,
negative energy resistance 1, powered by pain 3, spiny 3, 50% torment
resistance, no potion heal 2, black mark, subdued magic 1, MP-powered wands
}: 5/15 runes: decaying, serpentine, slimy, silver, abyssal
a: Heroism, Finesse, Renounce Religion, Evoke Blink


You were on level 5 of the Realm of Zot.
You worshipped Okawaru.
Okawaru was exalted by your worship.
You were very hungry.

You visited 12 branches of the dungeon, and saw 58 of its levels.
You visited Pandemonium 1 time, and saw 5 of its levels.
You visited the Abyss 3 times.
You visited 1 bazaar.
You also visited: Sewer, Ice Cave, Wizlab and Desolation.

You collected 9348 gold pieces.
You spent 6093 gold pieces at shops.

Inventory:

Hand Weapons
 b - the +9 sword of Zonguldrok {reap}
   (You found it in a wizard's laboratory)

   If a monster killed with it leaves a corpse in good enough shape, the corpse
   will be animated as a zombie friendly to the killer.
 n - a +4 vampiric eveningstar
 p - the +8 broad axe "String" {chop, Str+3 Dex+4}
   (Okawaru gifted it to you on level 4 of the Depths)

   It inflicts extra damage upon your enemies.
   It affects your strength (+3).
   It affects your dexterity (+4).
 E - a +9 demon whip of flaming (weapon)
 M - the +8 storm bow {elec}
   (You found it on level 3 of the Elven Halls)

   It charges the ammunition it shoots with electricity; occasionally upon a
   hit, such missiles may discharge and cause terrible harm.
Armour
 a - the +2 shield of Philately (worn) {rF- Str+4 Slay+6 Stlth+}
   (You found it on level 13 of the Dungeon)

   It affects your strength (+4).
   It affects your accuracy and damage with ranged weapons and melee attacks
   (+6).
   It makes you vulnerable to fire.
   It makes you more stealthy.
 f - a scarf of resistance (worn)
 i - a +2 pair of gloves of strength (worn)
 x - the +7 leather armour of the Comet {rN+ Int+7}
   (You found it on level 8 of the Dungeon)

   It affects your intelligence (+7).
   It protects you from negative energy.
 B - the +5 scale mail "Egoqeih" (worn) {rC++}
   (You found it on level 5 of the Vaults)

   It greatly protects you from cold.
 V - the +9 chain mail of Action {rElec rPois Int+4 Stlth+}
   (Okawaru gifted it to you on level 3 of the Vaults)

   It affects your intelligence (+4).
   It insulates you from electricity.
   It protects you from poison.
   It makes you more stealthy.
 X - the +0 mask of the Dragon (worn) {MR+ Slay+3 SInv}
   (You found it on level 5 of the Pits of Slime)

   It affects your accuracy and damage with ranged weapons and melee attacks
   (+3).
   It affects your resistance to hostile enchantments.
   It lets you see invisible.
Jewellery
 d - an uncursed ring of poison resistance
 h - the amulet "Xarhaiq" (around neck) {Reflect rF+ MR+ SH+3}
   (You found it on level 3 of the Elven Halls)

   [amulet of reflection]

   It shields you and reflects attacks.
   It protects you from fire.
   It affects your resistance to hostile enchantments.
   It affects your SH (+3).
 l - an uncursed ring of resist corrosion
 v - the ring of Liberalism {+Blink rC+ rN++ MP+9 Int-3}
   (You found it on level 5 of the Pits of Slime)

   [ring of protection from cold]

   It affects your intelligence (-3).
   It protects you from cold.
   It greatly protects you from negative energy.
   It affects your magic capacity (+9).
   It lets you blink.
 F - an uncursed ring of positive energy
 H - the amulet of the Duke {*Slow rF+ Regen+ Int+7 Stlth-}
   (You found it in the Desolation of Salt)

   [amulet of regeneration]

   It affects your intelligence (+7).
   It protects you from fire.
   It increases your rate of regeneration.
   It may slow you when you take damage.
   It makes you less stealthy.
 J - an uncursed ring of protection from cold
 N - the ring "Ivumiapp" (left hand) {+Blink rF+ MR+ Stlth-}
   (You found it in the Desolation of Salt)

   [ring of protection from fire]

   It protects you from fire.
   It affects your resistance to hostile enchantments.
   It lets you blink.
   It makes you less stealthy.
 O - a cursed ring of flight
 P - the ring of the Mage (right hand) {Wiz MR++ Int+3}
   (You bought it in a shop on level 13 of the Dungeon)

   [ring of wizardry]

   It improves your spell success rate.
   It affects your intelligence (+3).
   It affects your resistance to hostile enchantments.
Wands
 k - a wand of scattershot (5)
 t - a wand of disintegration (31)
 y - a wand of acid (29)
 G - a wand of digging (24)
 R - a wand of clouds (5)
Scrolls
 g - 35 scrolls of remove curse
 o - a scroll of amnesia
 s - 9 scrolls of fog
 A - 7 scrolls of identify
 L - 4 scrolls of silence
 S - 8 scrolls of teleportation
 Y - a scroll of magic mapping
Potions
 j - 3 potions of haste
 r - 12 potions of brilliance
 u - a potion of might
 z - 4 potions of cancellation
 D - 5 potions of heal wounds
 I - a potion of resistance
 K - 9 potions of magic
 Q - 10 potions of ambrosia
 T - 10 potions of flight
 U - 23 potions of curing
 W - a potion of agility
Books
 e - a manual of Long Blades
 m - a manual of Polearms
Miscellaneous
 w - 3 phantom mirrors
 Z - a crystal ball of energy
Comestibles
 c - 66 rations


   Skills:
 * Level 22.3 Fighting
 - Level 16.3(16.9) Maces & Flails
   Level 8.0(13.2) Staves
 * Level 17.8 Armour
 * Level 14.8 Dodging
 - Level 1.7 Stealth
 - Level 15.0 Shields
 - Level 14.6 Spellcasting
 - Level 12.5 Charms
 - Level 11.0 Transmutations
 - Level 13.2 Ice Magic
 - Level 11.1 Air Magic
 - Level 10.9 Earth Magic
 - Level 18.4 Invocations
 - Level 6.4 Evocations


You had 18 spell levels left.
You knew the following spells:

 Your Spells              Type           Power        Failure   Level  Hunger
a - Dazzling Spray        Conj/Hex       ##....       8%          3    None
b - Passwall              Tmut/Erth      #####...     1%          2    None
c - Ozocubu's Armour      Chrm/Ice       #####...     1%          3    None
d - Spectral Weapon       Hex/Chrm       ####....     1%          3    None
e - Silence               Hex/Air        ####......   8%          5    ####...
f - Regeneration          Chrm/Necr      ####......   1%          3    None
g - Deflect Missiles      Chrm/Air       #####.....   2%          6    #####..
h - Freezing Cloud        Conj/Ice/Air   ####......   14%         6    #####..
i - Statue Form           Tmut/Erth      #####....    4%          6    #####..

Your spell library contained the following spells:

 Spells                   Type           Power        Failure   Level  Hunger
 Freeze                   Ice            ####         0%          1    None
 Infusion                 Chrm           ####         0%          1    None
 Beastly Appendage        Tmut           #####.       1%          1    None
 Sandblast                Erth           #####.       1%          1    None
 Shock                    Conj/Air       ####         1%          1    None
 Ensorcelled Hibernation  Hex/Ice        ####..       1%          2    None
 Poisonous Vapours        Pois/Air       ####..       1%          2    None
 Shroud of Golubria       Chrm/Tloc      ####......   1%          2    None
 Song of Slaying          Chrm           #####...     1%          2    None
 Sticks to Snakes         Tmut           #####...     1%          2    None
 Swiftness                Chrm/Air       #####...     1%          2    None
 Throw Frost              Conj/Ice       ####..       1%          2    None
 Ignite Poison            Fire/Tmut/Pois ###.....     1%          3    None
 Mephitic Cloud           Conj/Pois/Air  ###.....     1%          3    None
 Spider Form              Tmut/Pois      ####......   1%          3    None
 Static Discharge         Conj/Air       ####....     1%          3    None
 Stone Arrow              Conj/Erth      ####..       1%          3    None
 Airstrike                Air            #####.....   1%          4    None
 Ice Form                 Ice/Tmut       #####...     1%          4    None
 Petrify                  Tmut/Erth      #####...     1%          4    None
 Summon Ice Beast         Ice/Summ       ####....     1%          4    None
 Throw Icicle             Conj/Ice       ####....     1%          4    None
 Blade Hands              Tmut           #####.....   1%          5    ####...
 Lee's Rapid Deconstruct  Erth           #####.....   1%          5    ####...
 Apportation              Tloc           ##....       2%          1    None
 Confusing Touch          Hex            ##....       2%          1    None
 Corona                   Hex            ##.....      2%          1    None
 Flame Tongue             Conj/Fire      ##...        2%          1    None
 Magic Dart               Conj           ##..         2%          1    None
 Pain                     Necr           ##..         2%          1    None
 Sting                    Conj/Pois      ##..         2%          1    None
 Summon Small Mammal      Summ           ##..         2%          1    None
 Leda's Liquefaction      Hex/Erth       ####......   2%          4    None
 Summon Lightning Spire   Summ/Air       ####....     2%          4    None
 Blink                    Tloc           N/A          4%          2    None
 Call Imp                 Summ           ##......     4%          2    None
 Corpse Rot               Necr           N/A          4%          2    None
 Searing Ray              Conj           ##....       4%          2    None
 Slow                     Hex            ##......     4%          2    None
 Sublimation of Blood     Necr           ##........   4%          2    None
 Throw Flame              Conj/Fire      ##....       4%          2    None
 Metabolic Englaciation   Hex/Ice        ####......   4%          5    ####...
 Hydra Form               Tmut           #####.....   4%          6    #####..
 Excruciating Wounds      Chrm/Necr      ####......   5%          5    ####...
 Iskenderun's Battlesphe  Conj/Chrm      ####....     5%          5    ####...
 Call Canine Familiar     Summ           ##......     8%          3    None
 Confuse                  Hex            ##......     8%          3    None
 Conjure Flame            Conj/Fire      ##......     8%          3    None
 Gell's Gravitas          Tloc           ##........   8%          3    None
 Inner Flame              Hex/Fire       ##......     8%          3    None
 Lesser Beckoning         Tloc           ##........   8%          3    None
 Portal Projectile        Hex/Tloc       ##....       8%          3    None
 Recall                   Summ/Tloc      N/A          8%          3    None
 Summon Guardian Golem    Hex/Summ       ##......     8%          3    None
 Teleport Other           Tloc           ##......     8%          3    None
 Tukima's Dance           Hex            ##......     8%          3    None
 Vampiric Draining        Necr           ##........   8%          3    None
 Alistair's Intoxication  Tmut/Pois      ####....     8%          5    ####...
 Irradiate                Conj/Tmut      ####......   8%          5    ####...
 Lightning Bolt           Conj/Air       ####......   8%          5    ####...
 Yara's Violent Unravell  Hex/Tmut       ####......   8%          5    ####...
 Bolt of Magma            Conj/Fire/Erth ###.......   16%         5    ####...
 Dragon Form              Tmut           #####.....   24%         7    #######
 Cause Fear               Hex            ##........   26%         4    None
 Force Lance              Conj/Tloc      ##......     26%         4    None
 Fulminant Prism          Conj/Hex       ##........   26%         4    None
 Iskenderun's Mystic Bla  Conj           ##......     26%         4    None
 Olgreb's Toxic Radiance  Pois           ##......     26%         4    None
 Passage of Golubria      Tloc           N/A          26%         4    None
 Sticky Flame             Conj/Fire      ##......     26%         4    None
 Conjure Ball Lightning   Conj/Air       ####......   38%         6    #####..
 Iron Shot                Conj/Erth      ####......   38%         6    #####..
 Agony                    Necr           ##......     58%         5    ####...
 Aura of Abjuration       Summ           ##........   58%         5    ####...
 Bolt of Draining         Conj/Necr      ##........   58%         5    ####...
 Dispel Undead            Necr           ##......     58%         5    ####...
 Fireball                 Conj/Fire      ##........   58%         5    ####...
 Summon Demon             Summ           ##........   58%         5    ####...
 Summon Forest            Summ/Tloc      ##........   58%         5    ####...
 Summon Mana Viper        Hex/Summ       ##......     58%         5    ####...
 Venom Bolt               Conj/Pois      ##........   58%         5    ####...
 Ring of Flames           Chrm/Fire      ####......   85%         7    #######
 Bolt of Fire             Conj/Fire      ##........   98%         6    #####..
 Dispersal                Tloc           ##........   98%         6    #####..
 Poison Arrow             Conj/Pois      ##........   98%         6    #####..
 Shadow Creatures         Summ           N/A          98%         6    #####..
 Haunt                    Necr/Summ      ##........   100%        7    #######
 Malign Gateway           Summ/Tloc      ##........   100%        7    #######
 Monstrous Menagerie      Summ           ##........   100%        7    #######
 Orb of Destruction       Conj           ##........   100%        7    #######
 Spellforged Servitor     Conj/Summ      ##........   100%        7    #######
 Summon Greater Demon     Summ           ##........   100%        7    #######
 Summon Hydra             Summ           ##........   100%        7    #######
 Borgnjor's Revivificati  Necr           ##........   100%        8    #######
 Chain Lightning          Conj/Air       ####......   100%        8    #######
 Controlled Blink         Tloc           N/A          100%        8    #######
 Death's Door             Chrm/Necr      ####......   100%        8    #######
 Discord                  Hex            ##........   100%        8    #######
 Disjunction              Tloc           ##........   100%        8    #######
 Ignition                 Fire           ##........   100%        8    #######
 Infestation              Necr           ##........   100%        8    #######
 Lehudib's Crystal Spear  Conj/Erth      ####......   100%        8    #######
 Necromutation            Tmut/Necr      ####......   100%        8    #######
 Summon Horrible Things   Summ           ##........   100%        8    #######
 Fire Storm               Conj/Fire      ##........   100%        9    #######
 Glaciate                 Conj/Ice       ####......   100%        9    #######
 Shatter                  Erth           #####.....   100%        9    #######
 Tornado                  Air            #####.....   100%        9    #######


Dungeon Overview and Level Annotations

Branches:
Dungeon (15/15)            Temple (1/1) D:6            Lair (6/6) D:8
  Swamp (4/4) Lair:3        Snake (4/4) Lair:4        Slime (5/5) Lair:5
    Orc (2/2) D:9             Elf (3/3) Orc:2        Vaults (5/5) D:13
  Crypt (3/3) Vaults:3       Tomb (0/3) Crypt:3      Depths (5/5) D:15
    Zot (5/5) Depths:5

Altars:
Ashenzari
Cheibriados
Dithmenos
Elyvilon
Fedhas
Gozag
Hepliaklqana
Kikubaaqudgha
Makhleb
Nemelex Xobeh
Okawaru
Qazlal
Ru
Sif Muna
Trog
Uskayaw
Vehumet
Wu Jian
Xom
Yredelemnul
Zin
The Shining One
Beogh
Jiyva

Shops:
D:8 =**%   D:11 =   D:13 ==(*   Orc:2 %:(*   Elf:2 :   Snake:3 !   Snake:4 }
Vaults:1 !   Vaults:4 (   Depths:3 =[   Depths:5 *

Portals:
Hell: Depths:1 Depths:2 Depths:3 Depths:4 Depths:5
Abyss: Depths:4 Depths:5
Pandemonium: Depths:3
Ziggurat: Depths:5

Annotations:
Lair:3 exclusion: oklob plant
Snake:1 3 runed translucent doors, exclusion: obsidian statue, chimenez's ghost, journeyman TrFi
Orc:2 2 transporters, Zlobey's ghost, journeyman MiFi
Elf:2 5 runed translucent doors
Crypt:1 Xtahua
Depths:5 exclusion: obsidian statue


Innate Abilities, Weirdness & Mutations

You have hooves in place of feet.
You are completely covered in thin metallic scales. (AC +4, rElec)
You resist negative energy. (rN+)
You are powered by pain.
You are completely covered in sharp spines.
You are somewhat able to resist unholy torments (1 in 2 success).
Your melee attacks may debilitate your foes.
You have sharp fingernails.
Scrolls take you a little longer to read.
Your mind is acute. (Int +2)
Potions are poor at restoring your health.
Your spells are a little easier to cast, but a little less powerful.
You expend magic power (3 MP) to strengthen your wands.


Message History

* * * LOW HITPOINT WARNING * * *
The bolt of lightning hits the electric golem.
The electric golem completely resists.
Unknown command.
Okay, then.
You blink.
You feel slightly more hungry. The storm dragon completely misses you.
The storm dragon claws you but does no damage.
The storm dragon closely misses you. You block the storm dragon's attack. x2
The storm dragon closely misses you. The ancient lich casts a spell at you.
You resist with almost no effort.
A yellow draconian comes into view. It is wielding a +0 long sword.
You blink.
You enter the Zot trap.
You sense a hostile presence.
You feel slightly more hungry.
A draconian scorcher and an Ice Fiend come into view.
An orb of fire comes into view.
The ancient lich casts a spell at you. The bolt of cold hits you! You resist.
You die...

▓▓▓▓▓▓▓▓▓▓▓##^.%..▓▓
.............*...^.##
..##...........q....##
###................^.##
##............d.......#
#............L.......#
#.........^....y.....#
#....................#
#..............@.....#
#........D8..........#
##........*..1......##
##.......$y...)...##
##.......p...^..##
################


You could see 2 orbs of fire, a Killer Klown, an electric golem, an ancient
lich, a storm dragon (berserk), an Ice Fiend, a yellow draconian, a green
draconian scorcher and 2 moths of wrath.

Vanquished Creatures
  the Royal Jelly (Slime:5)
  3 pandemonium lords (Pan)
  5 ancient liches
  2 orbs of fire
  Mara (Snake:4)
  Mennas (Vaults:4)
  2 juggernauts
  Boris (twice) (Crypt:2 Depths:2)
  the Lernaean hydra (Swamp:4)
  Saint Roka (Elf:3)
  A curse toe (Zot:4)
  Margery (Vaults:2)
  Frederick (Vaults:2)
  A Killer Klown (Zot:2)
  A caustic shrike (Depths:3)
  Vashnia (Snake:3)
  6 golden dragons
  Nikola (Elf:3)
  2 bone dragons
  A hellephant (Pan)
  12 tentacled monstrosities
  Jorgrun (D:14)
  An electric golem (Zot:1)
  A Tzitzimitl (Pan)
  12 liches
  2 Ice Fiends (Pan)
  9 Orb Guardians (Zot:5)
  A quicksilver dragon (shapeshifter) (Vaults:5)
  A quicksilver dragon (Zot:1)
  6 deep elf blademasters
  Asterion (Depths:1)
  4 sphinxes
  3 deep elf master archers
  22 acid blobs
  An Executioner (Pan)
  3 titans (Vaults:5)
  5 tentacled starspawn
  4 death cobs
  10 storm dragons
  3 ancient champions
  11 tengu reavers
  2 daevas (Pan)
  3 revenants
  Roxanne (Swamp:2)
  A thorn hunter (Swamp:4)
  5 shadow dragons
  Donald (Elf:1)
  11 azure jellies
  2 iron dragons (Depths:3)
  7 draconian monks (Depths:5)
  7 nagarajas
  A ghost moth (shapeshifter) (Depths:2)
  10 deep elf sorcerers
  11 frost giants
  8 fire giants
  A ghost moth (Zot:4)
  Louise (Elf:3)
  2 imperial myrmidons (Desolation)
  The ghost of HagarQim the Devastator, a journeyman DgCj (Swamp:2)
  An orc warlord (Depths:4)
  6 draconian knights
  2 draconian stormcallers
  4 ghouls
  A balrug (Abyss:2)
  2 deep elf elementalists (Elf:3)
  3 cacodemons (Pan)
  3 draconian scorchers
  13 vault wardens
  Aizul (Snake:2)
  A curse skull (Crypt:3)
  2 warmongers (Pan)
  3 entropy weavers
  20 ironheart preservers
  8 war gargoyles
  3 reapers
  22 very ugly things
  2 draconian annihilators
  2 apis (Pan)
  3 blood saints (Pan)
  22 stone giants
  2 corrupters (Pan)
  9 black draconians
  6 vampire knights
  Nessos (D:12)
  11 deep elf demonologists
  12 deep elf annihilators
  Azrael (Elf:2)
  6 yellow draconians
  A dire elephant (D:15)
  5 white draconians
  A lorocyproca (Pan)
  7 red draconians
  6 green draconians
  14 spark wasps
  A halazid warlock (Desolation)
  A mummy priest (Crypt:3)
  4 blizzard demons
  13 purple draconians
  12 deep elf death magi
  2 eidola
  4 green deaths
  3 crystal guardians (Desolation)
  Snorg (D:14)
  8 fire dragons
  10 ettins
  A merfolk impaler (Abyss:4)
  A jiangshi (Crypt:1)
  11 ragged hierophants (Desolation)
  11 death oozes
  Fannar (D:12)
  2 deep elf high priests (Elf:3)
  24 yaktaur captains
  10 great orbs of eyes
  2 rakshasas (Depths:2)
  Erolcha (D:10)
  2 shambling mangroves
  6 servants of whispers (Desolation)
  19 naga warriors
  25 hydras
  2 monstrous demonspawn (Pan)
  7 ice dragons
  An anaconda (shapeshifter) (Vaults:5)
  2 hell beasts
  2 spriggan air magi
  3 catoblepae
  11 peacekeepers
  9 centaur warriors
  32 vault guards
  A ghost crab (Swamp:4)
  16 anacondas
  A quicksilver dragon skeleton (Crypt:3)
  13 dancing weapons
  3 death knights
  43 two-headed ogres
  15 ogre magi
  12 alligators
  9 deep troll earth magi
  9 deep troll shamans
  3 tengu warriors
  2 vampire magi
  Urug (D:13)
  5 small abominations
  5 spriggan berserkers
  14 naga sharpshooters
  18 hell knights
  12 shock serpents
  12 thrashing horrors
  10 death yaks (Lair:6)
  6 soul eaters
  14 spriggans
  23 deep elf knights
  10 wretched stars
  A titan skeleton (Vaults:5)
  16 sun demons
  8 sixfirhies
  3 iron trolls
  5 shadow wraiths
  A storm dragon skeleton (Crypt:3)
  5 salamander mystics (Snake:4)
  11 flayed ghosts
  30 deep trolls
  2 shadow demons
  5 glowing orange brains
  8 wizards
  3 unseen horrors (Abyss:2)
  3 spriggan druids
  6 torturous demonspawn (Pan)
  A quicksilver dragon simulacrum (Abyss:2)
  A ghost moth zombie (Crypt:2)
  A gelid demonspawn (Pan)
  A glowing orange brain (shapeshifter) (Vaults:5)
  2 death drakes (Depths:5)
  7 naga ritualists
  13 skeletal warriors
  An orange crystal statue (Vaults:4)
  31 large abominations
  An infernal demonspawn (Pan)
  22 ironbrand convokers
  An unseen horror (shapeshifter) (D:13)
  12 swamp dragons
  A golden dragon skeleton (Crypt:1)
  9 lindwurms
  15 phantasmal warriors
  A shadow dragon zombie (Abyss:5)
  19 deep elf archers
  2 harpies (Abyss:2)
  A lindwurm (shapeshifter) (Depths:2)
  2 oklob plants (Lair:2)
  24 orc knights
  4 orc sorcerers
  16 mana vipers
  7 shining eyes
  4 manticores
  10 necromancers
  A wolf spider (shapeshifter) (Vaults:5)
  2 cyclopes (Orc:2)
  58 ugly things
  A shining eye (shapeshifter) (Depths:1)
  49 deep elf magi
  3 elephants (Lair:3)
  12 salamanders
  A shadow dragon skeleton (Abyss:2)
  A stone giant skeleton (Crypt:3)
  A centaur zombie (D:13)
  Maurice (D:12)
  7 worldbinders
  17 guardian serpents
  An iron dragon skeleton (Crypt:3)
  19 moths of wrath
  A guardian serpent (shapeshifter) (D:13)
  A torpor snail (Lair:5)
  38 black mambas
  3 eyes of devastation
  17 naga magi
  An ice statue (IceCv)
  17 spiny frogs
  2 fire giant skeletons
  An apocalypse crab (Abyss:2)
  22 vault sentinels
  7 orange demons
  24 smoke demons
  6 gargoyles
  2 rime drakes (Lair:2)
  2 human zombies (Vaults:4)
  8 efreet
  7 centaur skeletons
  A hellion (Pan)
  6 demonic crawlers
  3 ice devils
  5 komodo dragons
  A rime drake (shapeshifter) (Vaults:4)
  13 freezing wraiths
  2 kobold demonologists
  2 tormentors
  39 yaktaurs
  2 guardian mummies (Crypt:3)
  A yaktaur skeleton (Depths:1)
  8 red devils
  19 trolls
  7 ancient zymes
  14 polar bears
  A polar bear (shapeshifter) (Vaults:4)
  2 tengu conjurers
  5 hellwings (Pan)
  2 jumping spiders
  A merfolk (D:15)
  A hornet (shapeshifter) (Depths:2)
  A queen bee (shapeshifter) (Depths:3)
  Prince Ribbit (D:8)
  13 tyrant leeches
  A wind drake (shapeshifter) (Vaults:3)
  98 slime creatures
  29 hornets
  22 blink frogs
  2 wind drakes
  32 raiju
  52 saltlings (Desolation)
  5 dream sheep (Lair:6)
  5 bog bodies
  11 hippogriffs
  9 shadows
  3 air elementals
  4 redbacks
  A redback (shapeshifter) (Depths:2)
  An ettin skeleton (Vaults:5)
  14 flying skulls
  A tarantella (Vaults:2)
  3 vampires (WizLab)
  16 starcursed masses
  13 wraiths
  A fire dragon skeleton (Abyss:5)
  Sigmund (D:2)
  6 wyverns
  2 ushabtiu (Crypt:3)
  13 ynoxinuls
  A fire elemental (Elf:2)
  A black mamba skeleton (Crypt:2)
  3 fire bats (Abyss:2)
  44 yaks
  A yak (shapeshifter) (Vaults:1)
  3 basilisks
  13 chaos spawn
  16 water elementals
  4 hogs (D:7)
  A human (shapeshifter) (D:13)
  3 golden eyes
  18 humans
  11 neqoxecs
  3 hungry ghosts
  34 nagas
  A warg (shapeshifter) (Depths:5)
  20 vampire mosquitoes
  A two-headed ogre zombie (WizLab)
  9 wargs
  4 acid dragons
  3 spatial vortices (Abyss:2)
  16 swamp worms
  A soldier ant (D:8)
  A hydra simulacrum (Abyss:2)
  A floating eye (Depths:2)
  7 hell hounds
  17 water moccasins
  A gelid demonspawn skeleton (Crypt:2)
  4 porcupines
  38 orc warriors
  16 swamp drakes
  3 ice beasts
  3 sky beasts
  3 phantoms
  An eye of draining (shapeshifter) (Vaults:1)
  2 necrophages (Crypt:2)
  An elf simulacrum (Vaults:5)
  A black bear (D:7)
  7 eyes of draining
  54 wolves
  6 boggarts
  A crocodile (shapeshifter) (Depths:3)
  52 ogres
  18 centaurs
  8 crocodiles
  A rime drake skeleton (Crypt:2)
  6 big kobolds
  3 elf zombies (Elf:1)
  A hog skeleton (Crypt:2)
  19 bullfrogs
  A glowing shapeshifter simulacrum (Vaults:1)
  A gnoll sergeant (D:9)
  2 earth elementals
  3 spriggan zombies
  A cyclops skeleton (Crypt:2)
  5 scorpions
  A wyvern skeleton (D:7)
  A human simulacrum (Vaults:4)
  10 troll zombies (WizLab)
  10 killer bees
  31 wights
  A yak skeleton (Crypt:2)
  7 electric eels
  5 howler monkeys
  2 vampire bats (Abyss:2)
  9 crimson imps
  5 bullfrog zombies
  A basilisk zombie (Crypt:2)
  3 quasits
  21 orc priests
  8 bullfrog skeletons
  An iron imp (Abyss:4)
  7 jellies
  9 hounds
  24 orc wizards
  4 iguanas
  10 worker ants
  6 lightning spires (Abyss:4)
  A killer bee zombie (D:6)
  2 ogre zombies (WizLab)
  A hound zombie (D:5)
  7 mummies (Crypt:3)
  An acid dragon skeleton (Crypt:2)
  2 hound skeletons (D:9)
  Robin (D:3)
  2 worker ant zombies (D:8)
  15 adders
  3 gnolls (D:9)
  A river rat (D:6)
  7 shadow imps
  19 white imps
  2 ufetubi (Abyss:2)
  6 oozes
  An adder zombie (D:9)
  An adder skeleton (D:8)
  3 worms (D:2)
  A dart slug (D:1)
  9 leopard geckos
  71 orcs
  2 ball pythons (Lair:4)
  7 giant cockroaches
  12 goblins
  13 hobgoblins
  11 jackals
  5 quokkas
  14 bats
  7 frilled lizards
  19 kobolds
  A kobold skeleton (Crypt:3)
  A leopard gecko zombie (D:8)
  A quokka zombie (D:5)
  12 rats
  A briar patch (Swamp:4)
  4 butterflies (Abyss:2)
  2 crawling corpses (Vaults:3)
  A plant (Lair:2)
  8 starspawn tentacles (Abyss:5)
3026 creatures vanquished.

Vanquished Creatures (collateral kills)
  A slime creature (Slime:5)
1 creature vanquished.

Vanquished Creatures (others)
  2 deep elf master archers (Depths:4)
  2 stone giants
  2 yaktaur captains
  A centaur warrior (Vaults:1)
  2 deep elf magi
  A naga mage (Snake:4)
  2 smoke demons
  8 yaktaurs
  A fire bat (Abyss:2)
  A warg (Vaults:5)
  A boggart (Vaults:1)
  An ogre (Vaults:4)
  A warg zombie (Crypt:1)
  A quasit (D:15)
  An orc wizard (D:4)
  A shadow imp (Depths:5)
  8 fungi
  2 lurking horrors (Abyss:2)
  4 plants
  16 spectral weapons
  8 starspawn tentacles
  4 withered plants
70 creatures vanquished.

Grand Total: 3097 creatures vanquished

Notes
Turn   | Place    | Note
-------+----------+-------------------------------------------
     0 | D:1      | Amplified the Demonspawn Monk began the quest for the Orb.
     0 | D:1      | Reached XP level 1. HP: 18/18 MP: 1/1
   162 | D:1      | Gained mutation: You sometimes gain a little power by
                  | taking damage. [demonic ancestry]
   162 | D:1      | Reached XP level 2. HP: 24/24 MP: 2/2
   587 | D:1      | Reached XP level 3. HP: 26/29 MP: 3/3
  1810 | D:2      | Gained mutation: You have large cloven feet. [demonic
                  | ancestry]
  1810 | D:2      | Reached XP level 4. HP: 31/35 MP: 4/4
  1937 | D:2      | Noticed Sigmund
  1949 | D:2      | Gained mutation: Your spells are a little easier to cast,
                  | but a little less powerful. [potion of mutation]
  1949 | D:2      | Gained mutation: You are somewhat resistant to further
                  | mutation. [potion of mutation]
  1949 | D:2      | Gained mutation: You have a pair of small antennae on your
                  | head. [potion of mutation]
  1964 | D:2      | Killed Sigmund
  1964 | D:2      | Gained mutation: You are partially covered in thin metallic
                  | scales. (AC +2) [demonic ancestry]
  1964 | D:2      | Reached XP level 5. HP: 8/42 MP: 5/5
  2411 | D:2      | Reached skill level 4 in Fighting
  2717 | D:3      | Noticed Robin
  2946 | D:4      | Reached XP level 6. HP: 36/48 MP: 6/6
  3232 | D:4      | Found an ancient bone altar of Kikubaaqudgha.
  3825 | D:5      | Entered Level 5 of the Dungeon
  3869 | D:3      | Killed Robin
  3871 | D:3      | Reached skill level 5 in Maces & Flails
  4663 | D:5      | Reached skill level 5 in Dodging
  4663 | D:5      | Reached XP level 7. HP: 29/55 MP: 7/7
  5464 | D:5      | Reached skill level 5 in Fighting
  5507 | D:5      | Gained mutation: You are partially covered in sharp spines.
                  | [demonic ancestry]
  5507 | D:5      | Reached XP level 8. HP: 62/62 MP: 8/8
  5891 | D:6      | Reached skill level 1 in Armour
  5931 | D:6      | Found a glowing silver altar of Zin.
  5969 | D:6      | Found a glowing silver altar of Zin.
  6099 | D:6      | Found a staircase to the Ecumenical Temple.
  6120 | Temple   | Entered the Ecumenical Temple
  6213 | Temple   | Became a worshipper of Warmaster Okawaru
  6213 | Temple   | Reached * piety under Okawaru
  6213 | Temple   | Reached ** piety under Okawaru
  6388 | D:5      | Reached skill level 1 in Invocations
  6415 | D:6      | Found a sparkling altar of Nemelex Xobeh.
  6522 | D:6      | Found a glowing drain.
  6546 | Sewer    | Entered a sewer
  6665 | Sewer    | Gained mutation: You have hoof-like feet. [demonic
                  | ancestry]
  6665 | Sewer    | Reached XP level 9. HP: 69/69 MP: 10/10
  6797 | D:6      | Reached skill level 6 in Fighting
  7151 | D:7      | Reached *** piety under Okawaru
  7302 | D:7      | Learned a level 3 spell: Dazzling Spray
  7327 | D:7      | Noticed a manticore
  7485 | D:7      | Reached skill level 5 in Invocations
  7962 | D:7      | Killed a manticore
  7962 | D:7      | Reached skill level 5 in Armour
  7962 | D:7      | Reached XP level 10. HP: 40/77 MP: 11/14
  8087 | D:8      | Noticed Prince Ribbit
  8128 | D:8      | Found Qerghu's Food Boutique.
  8153 | D:8      | Killed Prince Ribbit
  8153 | D:8      | Reached **** piety under Okawaru
  8162 | D:8      | Found Vausm's Assorted Antiques.
  8179 | D:8      | Bought a scroll labeled XENTEUFIURR for 23 gold pieces
  8179 | D:8      | Bought a sapphire potion for 20 gold pieces
  8179 | D:8      | Bought a scroll of identify for 46 gold pieces
  8179 | D:8      | Bought a scroll of enchant weapon for 172 gold pieces
  8179 | D:8      | Bought a large ruby ring for 115 gold pieces
  8272 | D:8      | Found Heosoem's Assorted Antiques.
  8292 | D:8      | Bought a scroll labeled BIURAY RUREU for 32 gold pieces
  8328 | D:8      | Found Gujaik's Jewellery Emporium.
  8330 | D:8      | Got a smoking leather armour
  8341 | D:8      | Identified the +7 leather armour of the Comet {rN+ Int+7}
                  | (You found it on level 8 of the Dungeon)
  8537 | D:8      | Reached skill level 7 in Fighting
  8613 | D:8      | Found a staircase to the Lair.
  9464 | D:9      | Reached ***** piety under Okawaru
  9735 | D:9      | Found a staircase to the Orcish Mines.
  9820 | D:10     | Entered Level 10 of the Dungeon
  9889 | D:10     | Noticed a two-headed ogre
  9891 | D:10     | Noticed Erolcha
  9896 | D:10     | Killed a two-headed ogre
  9896 | D:10     | Reached XP level 11. HP: 52/85 MP: 14/17
  9904 | D:10     | Killed Erolcha
  9904 | D:10     | Received a gift from Okawaru
  9914 | D:10     | Identified a +0 pair of boots of running (Okawaru gifted it
                  | to you on level 10 of the Dungeon)
 10381 | D:11     | Found a frozen archway.
 10581 | IceCv    | Entered an ice cave
 10587 | IceCv    | Reached skill level 8 in Fighting
 10627 | IceCv    | Reached skill level 10 in Maces & Flails
 10627 | IceCv    | Reached skill level 10 in Invocations
 11415 | IceCv    | Noticed a frost giant
 11435 | IceCv    | Killed a frost giant
 11503 | IceCv    | Received a gift from Okawaru
 11518 | IceCv    | Got a polished buckler {god gift}
 11549 | IceCv    | Reached XP level 12. HP: 21/94 MP: 20/20
 12112 | D:11     | Identified the +3 buckler of Sloth {Stlth+} (Okawaru gifted
                  | it to you in an ice cave)
 12120 | D:11     | Got a bloodstained quarterstaff
 12183 | D:11     | Identified the +4 quarterstaff "Ipycwed" {freeze, Int+2}
                  | (You found it on level 11 of the Dungeon)
 12190 | D:11     | Reached skill level 1 in Shields
 12369 | D:11     | Found Paunusoe's Jewellery Shop.
 12524 | D:11     | Noticed a two-headed ogre
 12537 | D:11     | Killed a two-headed ogre
 13624 | Lair:1   | Entered Level 1 of the Lair of Beasts
 13679 | Lair:1   | Received a gift from Okawaru
 13781 | Lair:1   | Gained mutation: You have hooves in place of feet. [demonic
                  | ancestry]
 13781 | Lair:1   | Reached XP level 13. HP: 83/100 MP: 20/23
 13784 | Lair:1   | Lost mutation: Your spells are a little easier to cast, but
                  | a little less powerful. [potion of mutation]
 13784 | Lair:1   | Lost mutation: You have a pair of small antennae on your
                  | head. [potion of mutation]
 13784 | Lair:1   | Gained mutation: Armour fits poorly on your strangely
                  | shaped body. [potion of mutation]
 13784 | Lair:1   | Gained mutation: You are agile. (Dex +2) [potion of
                  | mutation]
 13785 | Lair:1   | Lost mutation: Armour fits poorly on your strangely shaped
                  | body. [potion of mutation]
 13785 | Lair:1   | Lost mutation: You are somewhat resistant to further
                  | mutation. [potion of mutation]
 13785 | Lair:1   | Lost mutation: You are agile. (Dex +2) [potion of mutation]
 13785 | Lair:1   | Gained mutation: You tend to lose your temper in combat.
                  | [potion of mutation]
 13785 | Lair:1   | Gained mutation: You do not regenerate when monsters are
                  | visible. [potion of mutation]
 13785 | Lair:1   | Gained mutation: You are robust. (+10% HP) [potion of
                  | mutation]
 14131 | Lair:1   | Found a shimmering altar of Xom.
 14336 | Lair:2   | Received a gift from Okawaru
 15171 | Lair:2   | Gained mutation: You sometimes gain power by taking damage.
                  | [demonic ancestry]
 15171 | Lair:2   | Reached XP level 14. HP: 96/116 MP: 24/24
 15398 | Lair:3   | Lost mutation: You tend to lose your temper in combat.
                  | [potion of mutation]
 15398 | Lair:3   | Lost mutation: You are robust. (+10% HP) [potion of
                  | mutation]
 15398 | Lair:3   | Gained mutation: You are occasionally teleported next to
                  | monsters. [potion of mutation]
 15398 | Lair:3   | Gained mutation: You tend to lose your temper in combat.
                  | [potion of mutation]
 15398 | Lair:3   | Gained mutation: You evolve. [potion of mutation]
 16059 | Lair:3   | Found a staircase to the Swamp.
 16542 | Lair:4   | Found a staircase to the Snake Pit.
 16712 | Lair:4   | Lost mutation: You do not regenerate when monsters are
                  | visible. [evolution]
 16712 | Lair:4   | Lost mutation: You evolve. [end of evolution]
 17156 | Lair:4   | Received a gift from Okawaru
 17159 | Lair:4   | Got a warped halberd {god gift}
 17160 | Lair:4   | Identified the +4 halberd of Emisic {chop, rPois} (Okawaru
                  | gifted it to you on level 4 of the Lair of Beasts)
 17333 | Lair:5   | Found a staircase to the Slime Pits.
 18052 | Lair:5   | Found a runed translucent door.
 18278 | Lair:5   | Reached skill level 15 in Maces & Flails
 18340 | Lair:6   | Entered Level 6 of the Lair of Beasts
 18583 | Lair:6   | Received a gift from Okawaru
 19076 | Lair:6   | Reached skill level 9 in Fighting
 19907 | Orc:1    | Entered Level 1 of the Orcish Mines
 19967 | Orc:2    | Entered Level 2 of the Orcish Mines
 19974 | Orc:2    | Gained mutation: You are mostly covered in thin metallic
                  | scales. (AC +3) [demonic ancestry]
 19974 | Orc:2    | Reached XP level 15. HP: 101/113 MP: 20/26
 20018 | Orc:2    | Found a staircase to the Elven Halls.
 20080 | Orc:2    | Found a transporter.
 20094 | Orc:2    | Noticed Zlobey's ghost (journeyman MiFi)
 20131 | Orc:2    | Found a transporter.
 20206 | Orc:2    | Reached skill level 15 in Invocations
 20285 | Orc:1    | Reached skill level 10 in Fighting
 20602 | Orc:1    | Found a roughly hewn altar of Beogh.
 20953 | Orc:2    | Reached ****** piety under Okawaru
 20968 | Orc:2    | Found Leminlea's Weapon Emporium.
 21057 | Orc:2    | Received a gift from Okawaru
 21502 | Orc:2    | Found Poheida's Book Emporium.
 21598 | Orc:2    | Found Toxt's Food Shoppe.
 21598 | Orc:2    | Found Pisos's Assorted Antiques.
 21612 | Orc:2    | Bought a sharpened wooden wand for 128 gold pieces
 21612 | Orc:2    | Bought a scroll of identify for 64 gold pieces
 21617 | Orc:2    | Bought a book of Enchantments for 700 gold pieces
 22005 | D:12     | Noticed Fannar
 22025 | D:12     | Killed Fannar
 22050 | D:12     | Noticed Maurice
 22071 | D:12     | Killed Maurice
 22156 | D:12     | Found a shattered altar of Ashenzari.
 22362 | D:12     | Noticed Nessos
 22381 | D:12     | Killed Nessos
 22443 | D:12     | Reached skill level 11 in Fighting
 22750 | D:13     | Found a gate to the Vaults.
 22750 | D:13     | Noticed Urug
 22805 | D:14     | Noticed Snorg
 22816 | D:14     | Killed Snorg
 23220 | D:14     | Received a gift from Okawaru
 23284 | D:14     | Noticed Jorgrun
 23304 | D:14     | Killed Jorgrun
 23353 | D:14     | Received a gift from Okawaru
 23673 | D:15     | Entered Level 15 of the Dungeon
 23688 | D:15     | Reached skill level 10 in Dodging
 23800 | D:15     | Gained mutation: You are completely covered in thin
                  | metallic scales. (AC +4, rElec) [demonic ancestry]
 23800 | D:15     | Reached XP level 16. HP: 82/127 MP: 21/27
 23803 | D:15     | Found a staircase to the Depths.
 23960 | D:15     | Found an opulent altar of Gozag.
 24696 | D:14     | Reached skill level 12 in Fighting
 24840 | D:14     | Received a gift from Okawaru
 24856 | D:14     | Got a twisted eveningstar {god gift}
 24857 | D:14     | Identified the +3 eveningstar of Nyceawnomo {flame, -Tele
                  | rPois MP+9} (Okawaru gifted it to you on level 14 of the
                  | Dungeon)
 25043 | D:13     | Killed Urug
 25139 | D:13     | Found Igayhud's Jewellery Shoppe.
 25148 | D:13     | Bought the ring of the Mage {Wiz MR++ Int+3} for 672 gold
                  | pieces
 25148 | D:13     | Found the ring of the Mage {Wiz MR++ Int+3}
 25236 | D:13     | Found Tokhlak's Antique Weapon Boutique.
 25682 | D:13     | Found Usakir's Jewellery Shop.
 25742 | D:13     | Found Ifayrruh's General Store.
 25750 | D:13     | Bought a potion of curing for 45 gold pieces
 25750 | D:13     | Bought a scroll of identify for 30 gold pieces
 25750 | D:13     | Bought a scroll of magic mapping for 52 gold pieces
 25750 | D:13     | Bought a scroll of identify for 30 gold pieces
 25750 | D:13     | Bought a potion of agility for 60 gold pieces
 25891 | D:13     | Identified the +2 shield of Philately {rF- Str+4 Slay+6
                  | Stlth+} (You found it on level 13 of the Dungeon)
 26084 | Elf:1    | Entered Level 1 of the Elven Halls
 26243 | Elf:1    | Reached skill level 5 in Shields
 26420 | Elf:1    | Noticed Donald
 26430 | Elf:1    | Killed Donald
 26436 | Elf:1    | Received a gift from Okawaru
 26609 | Elf:1    | Found a ruined gateway.
 26662 | Desolati | Entered the Desolation of Salt
 26760 | Desolati | Got a bound graven amulet
 26768 | Desolati | Got a transparent diamond amulet
 26772 | Desolati | Identified the amulet "Dooxtafu" {Gourm +Inv} (You found it
                  | in the Desolation of Salt)
 26773 | Desolati | Identified the amulet "Azonen" {Spirit -Tele MR+ Dex+8
                  | SInv} (You found it in the Desolation of Salt)
 26785 | Desolati | Got a warped long sword
 26787 | Desolati | Got a pitted dagger
 26795 | Desolati | Got a steaming pewter ring
 26798 | Desolati | Got a brightly glowing glaive
 26804 | Desolati | Identified the ring "Ivumiapp" {+Blink rF+ MR+ Stlth-} (You
                  | found it in the Desolation of Salt)
 26815 | Desolati | Got a bloodstained shortbow
 26941 | Desolati | Got a brightly glowing bone ring
 26955 | Desolati | Got a warped dagger
 26969 | Desolati | Got a faintly glowing ivory ring
 27000 | Desolati | Identified the ring "Dyevuruq" {EV+4 Str+2} (You found it
                  | in the Desolation of Salt)
 27001 | Desolati | Identified the ring of Trog's Whim {Str+3 Int+4 Slay+3}
                  | (You found it in the Desolation of Salt)
 27155 | Desolati | Gained mutation: You are mostly covered in sharp spines.
                  | [demonic ancestry]
 27155 | Desolati | Reached XP level 17. HP: 126/135 MP: 25/28
 27171 | Desolati | Reached skill level 10 in Shields
 27231 | Desolati | Received a gift from Okawaru
 27279 | Desolati | Identified Boafom's Compendium of Vitriolic Attacks
 27308 | Desolati | Got a warped graven amulet
 27316 | Desolati | Got a twisted trident
 27326 | Desolati | Identified the amulet of the Duke {*Slow rF+ Regen+ Int+7
                  | Stlth-} (You found it in the Desolation of Salt)
 27916 | Elf:1    | Identified the cursed +1 dagger "Ugrovaun" {pierce, rF-
                  | Int+4 Dex+5} (You found it in the Desolation of Salt)
 27918 | Elf:1    | Identified the +12 long sword of Blind Justice {venom, +Inv
                  | Str+5} (You found it in the Desolation of Salt)
 27919 | Elf:1    | Identified the +5 dagger of Zatych {speed, +Rage MP-9
                  | Dex+7} (You found it in the Desolation of Salt)
 27920 | Elf:1    | Identified the +7 glaive of the Heavens {holy, -Tele
                  | *Corrode Str+6 Int+3 SInv} (You found it in the Desolation
                  | of Salt)
 27923 | Elf:1    | Identified the cursed +0 trident of the Dungeon {venom, rF+
                  | Str+4} (You found it in the Desolation of Salt)
 28025 | Elf:1    | Identified the Collected Works on Necromancy
 28578 | Elf:2    | Found Qebium's Book Boutique.
 28579 | Elf:2    | Noticed Azrael
 28600 | Elf:2    | Killed Azrael
 28615 | Elf:3    | Entered Level 3 of the Elven Halls
 28917 | Swamp:1  | Entered Level 1 of the Swamp
 29535 | Swamp:2  | Identified the cursed +1 shortbow of Ochown {venom, rN+++
                  | Str+8 Dex-3 Stlth+} (You found it in the Desolation of
                  | Salt)
 29745 | Swamp:2  | Found a transporter.
 29761 | Swamp:2  | Identified Roxanne's Catalogue of Shape Shifting
 29761 | Swamp:2  | Noticed Roxanne
 29781 | Swamp:2  | Killed Roxanne
 29818 | Swamp:2  | Learned a level 2 spell: Passwall
 29822 | Swamp:2  | Learned a level 3 spell: Ozocubu's Armour
 29826 | Swamp:2  | Learned a level 3 spell: Spectral Weapon
 30117 | Snake:1  | Entered Level 1 of the Snake Pit
 30212 | Snake:1  | Found a runed translucent gate.
 30212 | Snake:1  | Found a runed translucent gate.
 30217 | Snake:1  | Found a runed translucent gate.
 30217 | Snake:1  | Found an opulent altar of Gozag.
 30225 | Snake:1  | Noticed chimenez's ghost (journeyman TrFi)
 30227 | Snake:1  | Learned a level 5 spell: Silence
 30356 | Snake:1  | Got a faintly glowing leather armour
 30357 | Snake:1  | Identified the +1 leather armour of Dukegg {MR+} (You found
                  | it on level 1 of the Snake Pit)
 30374 | Snake:1  | Reached XP level 18. HP: 97/141 MP: 24/29
 30945 | Snake:2  | Received a gift from Okawaru
 30954 | Snake:2  | Noticed Aizul
 30964 | Snake:2  | Killed Aizul
 30985 | Snake:2  | Identified the Collected Works on Twisted Heat
 31505 | Snake:3  | Reached skill level 15 in Shields
 31602 | Snake:3  | Reached skill level 1 in Spellcasting
 31602 | Snake:3  | Reached skill level 1 in Charms
 31846 | Snake:3  | Noticed Vashnia
 31869 | Snake:3  | Killed Vashnia
 31869 | Snake:3  | Received a gift from Okawaru
 31967 | Snake:3  | Found Gaezxom's Distillery.
 31971 | Snake:3  | Bought a potion of curing for 42 gold pieces
 31971 | Snake:3  | Bought 2 potions of magic for 224 gold pieces
 31971 | Snake:3  | Bought a potion of heal wounds for 70 gold pieces
 31971 | Snake:3  | Bought a potion of curing for 42 gold pieces
 31971 | Snake:3  | Bought 2 potions of heal wounds for 140 gold pieces
 31971 | Snake:3  | Bought a potion of curing for 42 gold pieces
 32699 | Snake:4  | Entered Level 4 of the Snake Pit
 32799 | Snake:4  | Found Yqomin's Gadget Boutique.
 32991 | Snake:4  | Reached skill level 5 in Spellcasting
 33029 | Snake:4  | Reached skill level 5 in Charms
 33048 | Snake:4  | Noticed Mara
 33054 | Snake:4  | Noticed Amplified's illusion
 33101 | Snake:4  | Killed Mara
 33101 | Snake:4  | Reached skill level 13 in Fighting
 33584 | Snake:4  | Received a gift from Okawaru
 33587 | Snake:4  | Got a pitted ring mail {god gift}
 33588 | Snake:4  | Identified the +1 ring mail of the Hanged Man {Dex+10}
                  | (Okawaru gifted it to you on level 4 of the Snake Pit)
 33646 | Snake:4  | Reached XP level 19. HP: 148/149 MP: 30/30
 33909 | Snake:4  | Learned a level 3 spell: Regeneration
 33924 | Snake:4  | Learned a level 6 spell: Deflect Missiles
 34071 | Snake:4  | Got a serpentine rune of Zot
 34516 | Swamp:2  | Received a gift from Okawaru
 34517 | Swamp:2  | Got a transparent plate armour {god gift}
 34525 | Swamp:2  | Identified the +1 plate armour of Myemn {*Corrode rPois
                  | Regen+ MP+9} (Okawaru gifted it to you on level 2 of the
                  | Swamp)
 34657 | Swamp:2  | Found a transporter.
 34669 | Swamp:2  | Noticed HagarQim's ghost (journeyman DgCj)
 34692 | Swamp:2  | Reached skill level 1 in Air Magic
 34702 | Swamp:2  | Reached skill level 1 in Ice Magic
 34712 | Swamp:2  | Killed HagarQim's ghost
 34729 | Swamp:2  | Identified a scroll of acquirement
 34729 | Swamp:2  | Identified the Tome of Feathers (You acquired it on level 2
                  | of the Swamp)
 34737 | Swamp:2  | Got a fine hat
 34739 | Swamp:2  | Identified the cursed +0 hat of New Discoveries {*Contam
                  | rElec rCorr Str+2} (You found it on level 2 of the Swamp)
 35630 | Swamp:3  | Got a crude scale mail
 35756 | Swamp:3  | Reached skill level 1 in Evocations
 35916 | Swamp:4  | Entered Level 4 of the Swamp
 36096 | Swamp:4  | Reached skill level 14 in Fighting
 36451 | Swamp:4  | Noticed the 27-headed Lernaean hydra
 36680 | Swamp:4  | Reached skill level 5 in Evocations
 36689 | Swamp:4  | Learned a level 6 spell: Freezing Cloud
 36703 | Swamp:4  | Killed the 27-headed Lernaean hydra
 36703 | Swamp:4  | Gained mutation: You resist negative energy. (rN+) [demonic
                  | ancestry]
 36703 | Swamp:4  | Reached XP level 20. HP: 95/160 MP: 21/32
 36894 | Swamp:4  | Received a gift from Okawaru
 37056 | Swamp:4  | Got a decaying rune of Zot
 37455 | Elf:2    | Found a huge runed translucent gate.
 37455 | Elf:2    | Found a huge runed translucent gate.
 37465 | Elf:2    | Found a huge runed translucent gate.
 37900 | Elf:2    | Found a huge runed translucent gate.
 37900 | Elf:2    | Found a huge runed translucent gate.
 37915 | Elf:2    | Identified the +3 scale mail "Xugaff" {Regen+} (You found
                  | it on level 3 of the Swamp)
 37952 | Elf:3    | Noticed Saint Roka
 38017 | Elf:3    | Killed Saint Roka
 38218 | Elf:3    | Found the +8 storm bow {elec}
 38260 | Elf:3    | Identified the +7 great sword "Bequegepn" {slice, Stlth+}
 38273 | Elf:3    | Received a gift from Okawaru
 38308 | Elf:3    | Reached skill level 5 in Air Magic
 38316 | Elf:3    | Reached skill level 10 in Spellcasting
 38341 | Elf:3    | Noticed Louise
 38350 | Elf:3    | Killed Louise
 38417 | Elf:3    | Received a gift from Okawaru
 38417 | Elf:3    | Reached skill level 10 in Charms
 38424 | Elf:3    | Cast into level 3 of the Abyss (a deep elf sorcerer)
 38475 | Elf:3    | Escaped the Abyss
 38553 | Elf:3    | Reached skill level 15 in Fighting
 38559 | Elf:3    | Got a steaming scale mail
 38595 | Elf:3    | Identified the Tome of Inference
 38601 | Elf:3    | Identified the +2 scale mail "Ikkixa" {rElec rF+ Int+3}
                  | (You found it on level 3 of the Elven Halls)
 38636 | Elf:3    | Got a pair of brightly glowing boots
 38640 | Elf:3    | Identified Sif Muna's Catalogue of Transmigration and Hexes
 38645 | Elf:3    | Got a steaming golden amulet
 38647 | Elf:3    | Got a fine plate armour
 38648 | Elf:3    | Identified the +1 plate armour of Divine Compulsion {rCorr}
                  | (You found it on level 3 of the Elven Halls)
 38650 | Elf:3    | Identified the amulet "Xarhaiq" {Reflect rF+ MR+ SH+3} (You
                  | found it on level 3 of the Elven Halls)
 38658 | Elf:3    | Got a steaming hand crossbow
 38659 | Elf:3    | Identified the +10 hand crossbow "Rublics" {freeze, rN+
                  | MR+} (You found it on level 3 of the Elven Halls)
 38772 | Elf:3    | Identified the cursed +1 quarterstaff of Eternal War
                  | {flame, MR+}
 38976 | Elf:3    | Noticed Nikola
 38985 | Elf:3    | Killed Nikola
 39016 | Elf:3    | Reached XP level 21. HP: 153/168 MP: 35/35
 39382 | Vaults:1 | Entered Level 1 of the Vaults
 39520 | Vaults:1 | Found Vaukor's Distillery.
 39528 | Vaults:1 | Bought a potion of curing for 54 gold pieces
 39528 | Vaults:1 | Bought a potion of curing for 54 gold pieces
 39528 | Vaults:1 | Bought a potion of curing for 54 gold pieces
 39528 | Vaults:1 | Bought a potion of berserk rage for 90 gold pieces
 39528 | Vaults:1 | Bought 2 potions of agility for 144 gold pieces
 39528 | Vaults:1 | Bought a potion of agility for 72 gold pieces
 39528 | Vaults:1 | Bought a potion of brilliance for 72 gold pieces
 39551 | Vaults:1 | Received a gift from Okawaru
 40201 | Vaults:1 | Lost mutation: You tend to lose your temper in combat.
                  | [potion of mutation]
 40201 | Vaults:1 | Lost mutation: You are occasionally teleported next to
                  | monsters. [potion of mutation]
 40201 | Vaults:1 | Gained mutation: You occasionally shout uncontrollably at
                  | your foes. [potion of mutation]
 40201 | Vaults:1 | Gained mutation: You are agile. (Dex +2) [potion of
                  | mutation]
 41023 | Vaults:1 | You fall through a shaft!
 41045 | Vaults:2 | Noticed Frederick
 41065 | Vaults:2 | Killed Frederick
 41065 | Vaults:2 | Received a gift from Okawaru
 41144 | Vaults:2 | Received a gift from Okawaru
 41373 | Vaults:2 | Got a translucent chain mail {god gift}
 41407 | Vaults:2 | Identified the +0 chain mail of Least Resistance {*Corrode
                  | rPois MP+9} (Okawaru gifted it to you on level 2 of the
                  | Vaults)
 41866 | Vaults:2 | Noticed Margery
 41882 | Vaults:2 | Killed Margery
 41886 | Vaults:2 | Gained mutation: You are powered by pain. [demonic
                  | ancestry]
 41886 | Vaults:2 | Reached XP level 22. HP: 104/176 MP: 29/38
 42610 | Vaults:3 | Received a gift from Okawaru
 42828 | Vaults:3 | Got a crude chain mail {god gift}
 42829 | Vaults:3 | Identified the +9 chain mail of Action {rElec rPois Int+4
                  | Stlth+} (Okawaru gifted it to you on level 3 of the Vaults)
 42995 | Vaults:3 | Reached skill level 10 in Air Magic
 43321 | Vaults:3 | Learned a level 6 spell: Statue Form
 43567 | Vaults:3 | You fall through a shaft!
 43627 | Vaults:4 | Reached skill level 1 in Transmutations
 43627 | Vaults:4 | Reached skill level 1 in Earth Magic
 43790 | Vaults:4 | Found Rimmuth's Weapon Shoppe.
 43965 | Vaults:4 | Reached skill level 16 in Fighting
 44002 | Vaults:4 | Noticed Mennas
 44035 | Vaults:4 | Killed Mennas
 44101 | Vaults:4 | Lost mutation: You occasionally shout uncontrollably at
                  | your foes. [potion of mutation]
 44101 | Vaults:4 | Lost mutation: You are agile. (Dex +2) [potion of mutation]
 44101 | Vaults:4 | Gained mutation: You are somewhat resistant to further
                  | mutation. [potion of mutation]
 44351 | Vaults:4 | Found the amulet of Vitality {Regen+ HP+15}
 44536 | Vaults:4 | Received a gift from Okawaru
 45168 | Vaults:3 | Found a staircase to the Crypt.
 45181 | Crypt:1  | Entered Level 1 of the Crypt
 45561 | Crypt:3  | Entered Level 3 of the Crypt
 45565 | Crypt:3  | Reached skill level 5 in Transmutations
 45565 | Crypt:3  | Reached skill level 5 in Earth Magic
 45663 | Crypt:3  | Reached XP level 23. HP: 163/184 MP: 40/40
 46169 | Crypt:3  | Found a staircase to the Tomb.
 46587 | Crypt:3  | Found the +5 scythe "Finisher" {speed, eviscerate}
 46827 | Crypt:3  | Received a gift from Okawaru
 46999 | Crypt:3  | Found an ancient bone altar of Kikubaaqudgha.
 47001 | Crypt:3  | Noticed an ancient lich
 47018 | Crypt:3  | Killed an ancient lich
 47812 | Crypt:2  | Noticed Boris
 47825 | Crypt:2  | Killed Boris
 47983 | Crypt:2  | Received a gift from Okawaru
 47988 | Crypt:2  | Got a scorched chain mail {god gift}
 47989 | Crypt:2  | Identified the +1 chain mail of Qutut {Regen+} (Okawaru
                  | gifted it to you on level 2 of the Crypt)
 48046 | Crypt:1  | Noticed Xtahua
 48479 | Depths:1 | Entered Level 1 of the Depths
 48507 | Depths:1 | Reached skill level 10 in Armour
 48554 | Depths:1 | Identified the +2 shield of the Twenty Lives {+Blink MP+9
                  | Int-4}
 48554 | Depths:1 | Noticed Asterion
 48568 | Depths:1 | Killed Asterion
 48657 | Depths:1 | Found a gateway to Hell.
 49475 | Depths:2 | Paralysed by a floating eye for 3 turns
 49533 | Depths:2 | Identified the cursed ring "Deogew" {-Tele rF+ Str+3 Int-4}
 49533 | Depths:2 | Noticed Boris
 49567 | Depths:3 | Gained mutation: You are completely covered in sharp
                  | spines. [demonic ancestry]
 49567 | Depths:3 | Reached XP level 24. HP: 76/193 MP: 35/41
 49921 | Depths:3 | Received a gift from Okawaru
 49944 | Depths:3 | Identified Okhlosomn's Collected Works on Orientation and
                  | Venom (You acquired it on level 3 of the Depths)
 50020 | Depths:3 | Found a one-way gate leading to the halls of Pandemonium.
 50034 | Depths:3 | Reached skill level 17 in Fighting
 50054 | Depths:3 | Noticed a juggernaut
 50332 | Depths:3 | Found Fuqirphu's Food Shoppe.
 50591 | Depths:4 | Received a gift from Okawaru
 50607 | Depths:4 | Got a shimmering broad axe {god gift}
 50608 | Depths:4 | Identified the +8 broad axe "String" {chop, Str+3 Dex+4}
                  | (Okawaru gifted it to you on level 4 of the Depths)
 50754 | Depths:4 | Found a gateway to a bazaar.
 50756 | Depths:4 | Found a one-way gate to the infinite horrors of the Abyss.
 50764 | Bazaar   | Entered a bazaar
 50764 | Bazaar   | Found Lixeg's Book Emporium.
 50764 | Bazaar   | Found Nudwog's Gadget Shoppe.
 50764 | Bazaar   | Found Beoxuruc's Magic Scroll Shoppe.
 50764 | Bazaar   | Found Tadgh's Gadget Emporium.
 50764 | Bazaar   | Found Juedaesch's Distillery.
 50774 | Bazaar   | Bought a scroll of fog for 18 gold pieces
 50774 | Bazaar   | Bought a scroll of magic mapping for 31 gold pieces
 50774 | Bazaar   | Bought a scroll of teleportation for 27 gold pieces
 50774 | Bazaar   | Bought a scroll of remove curse for 27 gold pieces
 50774 | Bazaar   | Bought a scroll of identify for 18 gold pieces
 50774 | Bazaar   | Bought a scroll of identify for 18 gold pieces
 50774 | Bazaar   | Bought a scroll of identify for 18 gold pieces
 50782 | Bazaar   | Bought a potion of curing for 33 gold pieces
 50782 | Bazaar   | Bought a potion of curing for 33 gold pieces
 50782 | Bazaar   | Bought a potion of mutation for 88 gold pieces
 50782 | Bazaar   | Bought a potion of might for 44 gold pieces
 50782 | Bazaar   | Bought a potion of agility for 44 gold pieces
 50782 | Bazaar   | Bought a potion of ambrosia for 88 gold pieces
 50953 | Depths:4 | Found a magical portal.
 50962 | WizLab   | Entered Zonguldrok's Shrine
 51135 | WizLab   | Noticed an antique lich
 51141 | WizLab   | Killed an antique lich
 51141 | WizLab   | Reached skill level 10 in Transmutations
 51144 | WizLab   | Found the +9 sword of Zonguldrok {reap}
 51256 | Depths:4 | Reached skill level 10 in Earth Magic
 51431 | Depths:4 | Found an iron altar of Okawaru.
 51716 | Depths:3 | Received a gift from Okawaru
 51843 | Depths:3 | Bought a ration for 60 gold pieces
 51843 | Depths:3 | Bought a ration for 60 gold pieces
 51843 | Depths:3 | Bought a ration for 60 gold pieces
 51843 | Depths:3 | Bought a ration for 60 gold pieces
 51843 | Depths:3 | Bought a ration for 60 gold pieces
 51843 | Depths:3 | Bought a ration for 60 gold pieces
 51843 | Depths:3 | Bought a ration for 60 gold pieces
 51843 | Depths:3 | Bought a ration for 60 gold pieces
 51843 | Depths:3 | Bought a ration for 60 gold pieces
 52096 | Depths:2 | Killed Boris
 52145 | Depths:2 | Noticed a juggernaut
 52163 | Depths:2 | Killed a juggernaut
 52163 | Depths:2 | Received a gift from Okawaru
 52329 | Depths:2 | Found a runed translucent door.
 52354 | Depths:2 | Found a radiant altar of Vehumet.
 52354 | Depths:2 | Noticed an ancient lich
 52374 | Depths:2 | Killed an ancient lich
 52374 | Depths:2 | Reached XP level 25. HP: 202/202 MP: 29/41
 52389 | Depths:2 | Identified the Almanac of Confrontation
 52809 | Depths:3 | Found Utsok's Jewellery Boutique.
 52819 | Depths:3 | Found Xehufij's Antique Armour Shop.
 52823 | Depths:3 | Got a smoking plate armour
 52824 | Depths:3 | Identified the +2 plate armour of the Depths {+Inv rPois
                  | MR++ Int-4} (You found it on level 3 of the Depths)
 52863 | Depths:3 | Bought bronze swamp dragon scales for 1650 gold pieces
 52863 | Depths:3 | Identified the +4 swamp dragon scales of Mezcal {rPois
                  | Regen+} (You bought it in a shop on level 3 of the Depths)
 52932 | Depths:3 | Killed a juggernaut
 52932 | Depths:3 | Reached skill level 5 in Ice Magic
 53832 | Depths:4 | Identified the +3 leather armour of Classification {rN+
                  | MP+9}
 54234 | Depths:5 | Entered Level 5 of the Depths
 54294 | Depths:5 | Found Boyfeuhu's General Store.
 54298 | Depths:5 | Reached skill level 18 in Fighting
 54347 | Depths:5 | Received a gift from Okawaru
 55177 | Depths:5 | Bought a scroll of silence for 127 gold pieces
 55231 | Depths:5 | Found a gateway to a ziggurat.
 55366 | Depths:5 | Received a gift from Okawaru
 55386 | Depths:5 | Identified the +6 ring mail of Jypihuuq {Str+3 Int+4} (You
                  | found it on level 5 of the Depths)
 56417 | Depths:5 | Gained mutation: You are somewhat able to resist unholy
                  | torments (1 in 2 success). [demonic ancestry]
 56417 | Depths:5 | Reached XP level 26. HP: 179/213 MP: 41/41
 56443 | Depths:5 | Found a gate to the Realm of Zot.
 56781 | Vaults:5 | Entered Level 5 of the Vaults
 56786 | Vaults:5 | Received a gift from Okawaru
 56830 | Vaults:5 | Reached skill level 15 in Armour
 56919 | Vaults:5 | Reached skill level 10 in Ice Magic
 57113 | Vaults:5 | Received a gift from Okawaru
 57114 | Vaults:5 | Got a pair of steaming gloves {god gift}
 57115 | Vaults:5 | Identified the +2 pair of gloves of Impermeability {Stlth+}
                  | (Okawaru gifted it to you on level 5 of the Vaults)
 57328 | Vaults:5 | Identified the +9 long sword of Wu Jian's Hope {speed, rF+}
 57441 | Vaults:5 | Got a topaz-encrusted scale mail
 57442 | Vaults:5 | Identified the +5 scale mail "Egoqeih" {rC++} (You found it
                  | on level 5 of the Vaults)
 57526 | Vaults:5 | Identified the +9 chain mail "Icvocy" {*Drain rN+++ MR-
                  | rCorr}
 57688 | Vaults:5 | Reached skill level 19 in Fighting
 57798 | Vaults:5 | Identified the Handbook of the Oath and the Voyage
 57815 | Vaults:5 | Got a silver rune of Zot
 58251 | Vaults:5 | Identified the +10 long sword of Ozaegi Vies {slice, rElec}
 58421 | Vaults:5 | Received a gift from Okawaru
 58874 | Depths:4 | Voluntarily entered the Abyss.
 58985 | Abyss:2  | Found a corrupted altar of Lugonu.
 58994 | Abyss:2  | Got a transparent chain mail
 59007 | Abyss:2  | Identified the +1 chain mail of Courage {rPois rN+ Int+4}
                  | (You found it on level 2 of the Abyss)
 59045 | Abyss:2  | Found a corrupted altar of Lugonu.
 59098 | Abyss:2  | Found a corrupted altar of Lugonu.
 59220 | Abyss:2  | Found a corrupted altar of Lugonu.
 59479 | Abyss:2  | Gained mutation: Your melee attacks may debilitate your
                  | foes. [demonic ancestry]
 59479 | Abyss:2  | Reached XP level 27. HP: 216/222 MP: 41/41
 59502 | Abyss:2  | Paralysed by accursed screaming for 2 turns
 60060 | Abyss:4  | Received a gift from Okawaru
 60106 | Abyss:4  | Got an abyssal rune of Zot
 60139 | Abyss:4  | Identified the Catalogue of the Ancient Dreams (You
                  | acquired it on level 4 of the Abyss)
 60267 | Abyss:5  | Entered Level 5 of the Abyss
 60267 | Abyss:5  | Entered Level 5 of the Abyss
 60281 | Depths:4 | Escaped the Abyss
 60777 | Slime:1  | Entered Level 1 of the Pits of Slime
 60808 | Lair:5   | Reached skill level 1 in Staves
 60822 | Lair:5   | Gained mutation: Your body sometimes deteriorates upon
                  | taking damage. [a shining eye]
 60848 | Lair:5   | Lost mutation: Your body sometimes deteriorates upon taking
                  | damage. [potion of mutation]
 60848 | Lair:5   | Lost mutation: You are somewhat resistant to further
                  | mutation. [potion of mutation]
 60848 | Lair:5   | Gained mutation: Your spells are a little harder to cast,
                  | but a little more powerful. [potion of mutation]
 60848 | Lair:5   | Gained mutation: You occasionally shout uncontrollably at
                  | your foes. [potion of mutation]
 60848 | Lair:5   | Gained mutation: You have a pair of small antennae on your
                  | head. [potion of mutation]
 60848 | Lair:5   | Gained mutation: You have sharp fingernails. [potion of
                  | mutation]
 60849 | Lair:5   | Lost mutation: Your spells are a little harder to cast, but
                  | a little more powerful. [potion of mutation]
 60849 | Lair:5   | Lost mutation: You have a pair of small antennae on your
                  | head. [potion of mutation]
 60849 | Lair:5   | Lost mutation: You occasionally shout uncontrollably at
                  | your foes. [potion of mutation]
 60849 | Lair:5   | Gained mutation: You have a pair of small horns on your
                  | head. [potion of mutation]
 60849 | Lair:5   | Gained mutation: You expend magic power (3 MP) to
                  | strengthen your wands. [potion of mutation]
 60849 | Lair:5   | Gained mutation: Your mind is acute. (Int +2) [potion of
                  | mutation]
 60850 | Lair:5   | Lost mutation: You have a pair of small horns on your head.
                  | [potion of mutation]
 60850 | Lair:5   | Lost mutation: You expend magic power (3 MP) to strengthen
                  | your wands. [potion of mutation]
 60850 | Lair:5   | Gained mutation: You expend magic power (3 MP) to
                  | strengthen your wands. [potion of mutation]
 60850 | Lair:5   | Gained mutation: Your natural rate of healing is unusually
                  | fast. [potion of mutation]
 61307 | Slime:3  | Received a gift from Okawaru
 61310 | Slime:3  | Got a slimy ring mail {god gift}
 61311 | Slime:3  | Identified the +0 ring mail of the Doge {rElec MR- Str+4}
                  | (Okawaru gifted it to you on level 3 of the Pits of Slime)
 61582 | Slime:4  | Reached skill level 5 in Staves
 61925 | Slime:4  | Found a viscous altar of Jiyva.
 62126 | Slime:5  | Entered Level 5 of the Pits of Slime
 62321 | Slime:5  | Gained mutation: Potions are less effective at restoring
                  | your health. [a shining eye]
 62559 | Slime:5  | Noticed the Royal Jelly
 62588 | Slime:5  | Found a viscous altar of Jiyva.
 62591 | Slime:5  | Found the +0 mask of the Dragon {MR+ Slay+3 SInv}
 62606 | Slime:5  | Reached skill level 20 in Fighting
 62629 | Slime:5  | Killed the Royal Jelly
 62695 | Slime:5  | Identified Sif Muna's Papyrus of Dislocated Stones
 62719 | Slime:5  | Got a slimy rune of Zot
 62720 | Slime:5  | Identified the Compendium of Dark Rituals and
                  | Transmigration
 62725 | Slime:5  | Got a vibrating ivory ring
 62726 | Slime:5  | Identified the ring of Liberalism {+Blink rC+ rN++ MP+9
                  | Int-3} (You found it on level 5 of the Pits of Slime)
 62768 | Slime:5  | Got a twisted chain mail
 62769 | Slime:5  | Identified the cursed +1 chain mail of Trial and Error
                  | {Str-4 SInv Stlth+} (You found it on level 5 of the Pits of
                  | Slime)
 62779 | Slime:5  | Got a shimmering ring mail
 62780 | Slime:5  | Identified the +4 ring mail "Acosanum" {+Blink rPois Int-4}
                  | (You found it on level 5 of the Pits of Slime)
 63608 | Pan      | Entered Pandemonium
 63859 | Pan      | Noticed Pivihy Ammot the pandemonium lord
 63883 | Pan      | Killed Pivihy Ammot the pandemonium lord
 64424 | Pan      | Got a scorched battleaxe
 64425 | Pan      | Identified the +4 battleaxe "Joyfis" {venom, rF++ Str-3
                  | Dex-2 SInv} (You found it in Pandemonium)
 64859 | Pan      | Noticed Pivih the pandemonium lord
 64859 | Pan      | Gained mutation: You occasionally shout uncontrollably at
                  | your foes. [a cacodemon]
 64869 | Pan      | Killed Pivih the pandemonium lord
 65163 | Pan      | Found an exit through the horrors of the Abyss.
 65299 | Pan      | Received a gift from Okawaru
 65302 | Pan      | Got a slimy great mace {god gift}
 65303 | Pan      | Identified the +5 great mace of Exchange {crush, *Contam
                  | rPois MR+++ Dex-4} (Okawaru gifted it to you in
                  | Pandemonium)
 65373 | Pan      | Noticed Lemojit the pandemonium lord
 65380 | Pan      | Killed Lemojit the pandemonium lord
 65519 | Pan      | Noticed Waitruw the pandemonium lord
 65533 | Depths:3 | Escaped Pandemonium
 65535 | Depths:3 | Cast into level 5 of the Abyss (Waitruw)
 65535 | Abyss:5  | Entered Level 5 of the Abyss
 65640 | Abyss:5  | Lost mutation: Your natural rate of healing is unusually
                  | fast. [a neqoxec]
 65798 | Abyss:5  | Reached skill level 21 in Fighting
 65855 | Abyss:5  | Received a gift from Okawaru
 65908 | Depths:3 | Escaped the Abyss
 66167 | Zot:1    | Entered Level 1 of the Realm of Zot
 66185 | Zot:1    | Noticed an orb of fire
 66205 | Zot:1    | Gained mutation: Potions are poor at restoring your health.
                  | [an orb of fire]
 66213 | Zot:1    | Killed an orb of fire
 67074 | Zot:2    | Received a gift from Okawaru
 67681 | Zot:3    | Received a gift from Okawaru
 67693 | Zot:3    | You fall through a shaft!
 67744 | Zot:4    | Received a gift from Okawaru
 68639 | Zot:5    | Entered Level 5 of the Realm of Zot
 68712 | Zot:5    | Reached skill level 22 in Fighting
 68999 | Zot:5    | Noticed an ancient lich
 68999 | Zot:5    | Noticed an ancient lich
 69007 | Zot:5    | Killed an ancient lich
 69012 | Zot:5    | Killed an ancient lich
 69063 | Zot:5    | Noticed an orb of fire
 69071 | Zot:5    | Noticed an orb of fire
 69076 | Zot:5    | Gained mutation: Scrolls take you a little longer to read.
                  | [an orb of fire]
 69077 | Zot:5    | Killed an orb of fire
 69091 | Zot:5    | Lost mutation: You occasionally shout uncontrollably at
                  | your foes. [an orb of fire]
 69099 | Zot:5    | Noticed an ancient lich
 69101 | Zot:5    | Gained mutation: Your spells are a little easier to cast,
                  | but a little less powerful. [an orb of fire]
 69103 | Zot:5    | Noticed an orb of fire
 69103 | Zot:5    | Killed from afar by an ancient lich

Skill      XL: |  1  2  3  4  5  6  7  8  9 10 11 12 13 14 15 16 17 18 19 20 21 22 23 24 25 26 27 |
---------------+----------------------------------------------------------------------------------+-----
Maces & Flails | 3 4 5 6 7 8 9 10 12 13 16 | 16.3
Dodging        | 3 4 5 6 7 8 10 14 | 14.8
Fighting       | 4 5 6 7 8 9 11 12 13 14 15 16 17 18 19 22 | 22.3
Armour         | 3 5 7 8 10 12 14 15 17 | 17.8
Invocations    | 2 6 9 11 14 15 18 | 18.4
Shields        | 4 9 14 15 | 15.0
Spellcasting   | 6 8 10 12 13 14 | 14.6
Charms         | 6 8 10 12 | 12.5
Air Magic      | 2 6 9 10 11 | 11.1
Ice Magic      | 2 3 9 12 13 | 13.2
Evocations     | 5 6 |  6.4
Transmutations | 5 8 11 | 11.0
Earth Magic    | 5 8 10 | 10.9
Staves         | 8 |  8.0
Stealth        | |  1.7

Action                   |  1- 3 |  4- 6 |  7- 9 | 10-12 | 13-15 | 16-18 | 19-21 | 22-24 | 25-27 || total
-------------------------+-------+-------+-------+-------+-------+-------+-------+-------+-------++-------
Melee: Mace              |   126 |   115 |       |       |       |       |       |       |       ||   241
       Kick              |       |    50 |   125 |    54 |   385 |   563 |   716 |   945 |  1399 ||  4237
       Dagger            |       |    70 |   328 |       |       |       |       |       |       ||   398
       Punch             |       |       |     1 |     8 |       |       |       |       |       ||     9
       Morningstar       |       |       |     6 |   556 |  1034 |  1210 |       |       |       ||  2806
       Demon whip        |       |       |       |       |       |   101 |  1515 |  1808 |  2353 ||  5777
       Lajatang          |       |       |       |       |       |       |       |       |   233 ||   233
Throw: Throwing net      |       |       |       |       |     1 |     2 |     3 |       |     4 ||    10
 Cast: Ozocubu's Armour  |       |       |       |       |       |     1 |     2 |     1 |     1 ||     5
       Freezing Cloud    |       |       |       |       |       |       |     3 |       |    10 ||    13
       Deflect Missiles  |       |       |       |       |       |       |     4 |     4 |    13 ||    21
       Silence           |       |       |       |       |       |       |     3 |     8 |     4 ||    15
       Regeneration      |       |       |       |       |       |       |     2 |     8 |    42 ||    52
       Spectral Weapon   |       |       |       |       |       |       |    10 |     2 |    29 ||    41
       Statue Form       |       |       |       |       |       |       |       |     9 |    47 ||    56
       Dazzling Spray    |       |       |       |       |       |       |       |       |     1 ||     1
Invok: Heroism           |       |       |     5 |    14 |    20 |    22 |    15 |     7 |     4 ||    87
       Finesse           |       |       |       |       |     2 |    15 |     7 |     2 |     5 ||    31
 Abil: Evoke Blink       |       |       |       |       |       |     2 |     1 |       |     4 ||     7
Evoke: Wand              |       |       |       |     8 |    21 |     9 |     4 |     7 |     5 ||    54
       Phantom mirror    |       |       |       |       |       |       |       |       |     3 ||     3
  Use: Scroll            |     2 |     4 |    10 |    17 |    12 |    35 |    19 |    20 |    36 ||   155
       Potion            |     1 |     7 |     6 |    13 |     9 |    11 |     8 |    10 |    25 ||    90
 Stab: Sleeping          |     1 |       |     1 |     3 |    10 |    13 |       |    10 |     3 ||    41
       Distracted        |       |       |       |     1 |     3 |     1 |     4 |     5 |    11 ||    25
       Confused          |       |       |       |     2 |     4 |       |       |       |       ||     6
       Invisible         |       |       |       |       |     9 |       |       |     6 |       ||    15
       Petrified         |       |       |       |       |     5 |       |       |       |       ||     5
       Petrifying        |       |       |       |       |     1 |       |       |       |       ||     1
       Paralysed         |       |       |       |       |     9 |       |       |       |       ||     9
       Held in net/web   |       |       |       |       |     3 |     2 |     6 |       |     1 ||    12
  Eat: Chunk             |     3 |     5 |     7 |     6 |    29 |    10 |    17 |    10 |    24 ||   111
       Ration            |       |     1 |     1 |     5 |       |     7 |     4 |     9 |    17 ||    44
Armor: Scale mail        |    38 |    93 |   121 |     7 |       |       |       |       |    87 ||   346
       Skin              |       |     1 |       |       |       |       |       |    71 |   258 ||   330
       Leather armour    |       |       |       |   166 |   176 |   199 |   202 |   163 |   138 ||  1044
       Chain mail        |       |       |       |       |       |       |       |     1 |       ||     1
Dodge: Dodged            |    72 |   110 |   194 |   550 |   600 |   557 |   591 |   494 |  1232 ||  4400
       Deflected         |       |       |       |       |       |       |    13 |    31 |   105 ||   149
Block: Buckler           |       |       |       |    70 |   366 |    83 |       |       |       ||   519
       Shield            |       |       |       |       |       |   590 |   879 |  1040 |  1663 ||  4172
       Reflection        |       |       |       |       |       |       |    38 |    85 |    96 ||   219
       Other             |       |       |       |       |       |       |       |       |    31 ||    31
